 Dungeon Crawl Stone Soup version 0.18-a0-1426-g3b9a63c (webtiles) character file.

93 GrosslyIncandescent the Insei (level 4, 0/35 HPs)
             Began as a Mummy Monk on Feb 27, 2016.
             Slain by a jackal (3 damage)
             ... on level 2 of the Dungeon.
             The game lasted 00:02:44 (2472 turns).

GrosslyIncandescent the Insei (Mummy Monk)          Turns: 2472, Time: 00:02:44

Health: 0/35       AC:  1    Str: 14    XL:     4   Next: 36%
Magic:  4/4        EV: 13    Int:  9    God:
Gold:   79         SH:  0    Dex: 15    Spells: 0 memorised, 3 levels left

rFire  x . .     SeeInvis .       - Unarmed
rCold  + . .     Gourm    .     (no armour)
rNeg   + + +     Faith    .     (no shield)
rPois  ∞         Spirit   .     (no helmet)
rElec  .         Dismiss  .     (no cloak)
rCorr  .         Reflect  .     (no gloves)
SustAt .         Harm     +     a - +0 pair of boots
MR     .....                    d - amulet of harm
Stlth  ++........               (no ring)
                                (no ring)

@: not resistant to hostile enchantments, unstealthy
A: no food or potions, fire vulnerability, cold resistance 1, negative energy
resistance 3, torment resistance, unbreathing
a: no special abilities


You were on level 2 of the Dungeon.
You were not hungry.

You visited 1 branch of the dungeon, and saw 2 of its levels.

You collected 79 gold pieces.


Innate Abilities, Weirdness & Mutations

You do not eat or drink.
Your flesh is vulnerable to fire.
You are immune to poison.
Your flesh is cold resistant.
You are immune to negative energy.
You are immune to unholy pain and torment.
You can survive without breathing.


   Skills:
 - Level 3.0 Fighting
 - Level 2.4 Dodging
 - Level 1.5 Stealth
 + Level 4.8 Unarmed Combat


You had 3 spell levels left.
You didn't know any spells.

Inventory:

Armour
 a - a +0 pair of boots (worn)
Jewellery
 d - an amulet of harm (around neck)
Scrolls
 b - 2 scrolls of fear (quivered) {unknown}
 c - 4 scrolls of identify {unknown}
 e - 2 scrolls of remove curse {unknown}
 f - a scroll of teleportation {unknown}
 g - a scroll of amnesia {unknown}

Dungeon Overview and Level Annotations

Branches:
Dungeon (2/15)

Altars:

▒ .. ▒▒▒▒▒▒ ... .....▒
..w. ▒▒▒▒.▒▒▒▒▒▒▒▒▒▒▒
.....
...▒.▒......(..▒▒▒▒▒r.....
...>............Mhggl.>...
.▒▒▒[▒.▒▒▒▒▒▒..▒▒▒▒▒......
.▒ ▒.▒.▒ ▒..▒ ..... .▒
▒.▒.▒ ▒..▒ '▒▒▒ .▒▒▒.▒.▒
▒..▒ ▒ .......▒ ▒..▒
..▒▒.▒▒▒▒▒▒▒▒..▒
▒.▒▒..)........▒
▒.▒▒▒▒▒▒▒▒▒▒▒.▒▒


You could see a jackal, 2 goblins, a giant newt and a rat.


Message History

The jackal is moderately wounded!
The jackal misses you! x2
You closely miss the jackal!
The jackal is moderately wounded!
The jackal closely misses you!
You beat the jackal but do no damage!
The jackal is moderately wounded!
The jackal bites you! * * * don't die
* * * You pulverise the jackal!
The jackal is heavily wounded!
The jackal barely misses you!
You closely miss the jackal!
The jackal is heavily wounded!
The jackal bites you! * * * don't die
* * * The jackal misses you!
You closely miss the jackal!
The jackal is heavily wounded!
The jackal barely misses you!
You barely miss the jackal!
The jackal is heavily wounded!
The jackal bites you but does no damage!
You closely miss the jackal!
The jackal is heavily wounded!
The jackal barely misses you!
You beat the jackal into a bloody pulp!
You punch the jackal, but do no damage!
The jackal is almost dead!
The jackal completely misses you! The jackal bites you! rip

Action                   |  1- 3 |  4- 6 || total
-------------------------+-------+-------++-------
Melee: Unarmed           |   138 |    41 ||   179
 Stab: Sleeping          |     1 |     1 ||     2

Vault maps used:
D:1:      nagdon_arrival_double_spiral, bh_walls_and_bars

Notes
Turn   | Place    | Note
--------------------------------------------------------------
     0 | D:1      | GrosslyIncandescent the Mummy Monk began the quest for the Orb.
     0 | D:1      | Reached XP level 1. HP: 18/18 MP: 1/1
   298 | D:1      | Reached XP level 2. HP: 14/24 MP: 2/2
   560 | D:1      | Reached skill level 4 in Unarmed Combat
  1017 | D:1      | Reached XP level 3. HP: 14/29 MP: 3/3
  2241 | D:2      | Reached XP level 4. HP: 25/35 MP: 4/4
  2468 | D:2      | HP: 3/35 [jackal (3)]
  2472 | D:2      | Slain by a jackal

Vanquished Creatures
  3 adders (D:2)
  2 oozes (D:1)
  A worm (D:2)
  2 dart slugs (D:2)
  2 giant cockroaches (D:1)
  6 goblins
  6 hobgoblins
  10 jackals
  2 ball pythons (D:1)
  3 giant newts
  6 kobolds
  6 rats
49 creatures vanquished.
